 Dungeon Crawl Stone Soup version 0.23.1 (webtiles) character file.

Game seed: 9257912747583832059

841 Nekros the Thaumaturge (level 7, -3/36 HPs)
             Began as a Deep Elf Wizard on Mar 10, 2019.
             Slain by a centaur
             ... wielding a +0 mace
              (6 damage)
             ... on level 5 of the Dungeon.
             The game lasted 00:23:24 (5534 turns).

Nekros the Thaumaturge (Deep Elf Wizard)            Turns: 5534, Time: 00:23:24

Health: -3/36      AC:  2    Str:  6    XL:     7   Next: 67%
Magic:  0/22       EV: 13    Int: 28    God:
Gold:   189        SH:  0    Dex: 13    Spells: 14/25 levels left

rFire    . . .     SeeInvis +   c - +6 dagger
rCold    . . .     Gourm    .   (no shield)
rNeg     . . .     Faith    .   a - +0 robe
rPois    .         Spirit   +   b - +0 hat
rElec    .         Reflect  .   e - scarf {Spirit}
rCorr    .         Harm     .   (no gloves)
MR       .....                  (no boots)
Stlth    ++........             (no amulet)
HPRegen  0.12/turn              (no ring)
MPRegen  0.18/turn              (no ring)

@: brilliant, very slightly contaminated
A: see invisible, dopey 1, strong 1
a: no special abilities


You were on level 5 of the Dungeon.
You were not hungry.

You visited 1 branch of the dungeon, and saw 5 of its levels.

You collected 189 gold pieces.

Inventory:

Hand Weapons
 c - a +6 dagger (weapon)
Armour
 a - a +0 robe (worn)
 b - a +0 hat (worn)
 e - a scarf of spirit shield (worn)
 s - a +0 pair of boots
Jewellery
 g - an uncursed amulet of magic regeneration {unknown}
 i - an uncursed ring of resist corrosion {unknown}
 j - an uncursed ring of resist corrosion {unknown}
 o - an uncursed ring of poison resistance {unknown}
Scrolls
 f - a scroll of fear
 k - a scroll of enchant weapon
 n - a scroll of magic mapping
 p - 2 scrolls of identify
 q - a scroll of remove curse {unknown}
 r - a scroll of enchant armour {unknown}
Potions
 h - a potion of brilliance
 m - a potion of cancellation {unknown}
 t - a potion of curing {unknown}
 u - a potion of haste {unknown}
Comestibles
 d - 8 rations


   Skills:
 - Level 2.4 Dodging
 - Level 2.4 Stealth
 + Level 9.5 Spellcasting
 + Level 4.3 Conjurations
 + Level 3.4 Summonings
 + Level 1.1 Translocations
 + Level 0.1 Fire Magic
 + Level 1.6 Air Magic
 + Level 1.6 Poison Magic


You had 14 spell levels left.
You knew the following spells:

 Your Spells              Type           Power        Failure   Level  Hunger
a - Magic Dart            Conj           ####         1%          1    None
b - Blink                 Tloc           N/A          1%          2    None
c - Call Imp              Summ           #####...     1%          2    None
d - Mephitic Cloud        Conj/Pois/Air  #####...     1%          3    None
e - Conjure Flame         Conj/Fire      #####...     1%          3    None

Your spell library contained the following spells:

 Spells                   Type           Power        Failure   Level  Hunger
 Slow                     Hex            ####....     1%          2    None


Dungeon Overview and Level Annotations

Branches:
Dungeon (5/15)
 Temple: D:4-7

Altars:
Elyvilon
Nemelex Xobeh
Vehumet


Innate Abilities, Weirdness & Mutations

You have supernaturally acute eyesight. (SInv)
You are dopey. (Int -2)
Your muscles are strong. (Str +2)


Message History

The centaur shoots an arrow.
The arrow hits you.
* * * LOW HITPOINT WARNING * * *
You see here an arrow.
The centaur shoots an arrow.
The arrow hits you.
* * * LOW HITPOINT WARNING * * *
You see here an arrow.
The centaur shoots an arrow.
The arrow closely misses you.
There is an open door here.
There isn't anything here!
The centaur unwields a +0 shortbow.
The centaur wields a +0 mace.
The centaur closely misses you.
There is an open door here.
You see here 13 bolts.
It was a potion of brilliance.
You feel clever all of a sudden. The centaur barely misses you.
It was a potion of mutation.
You feel extremely strange.
You feel stupid.
Your vision sharpens.
You feel stronger. The centaur hits you with a +0 mace!
You die...

#...........#....(.........
#....##.....+......(.......
####+##.....#..)...........
#.....#..............
#....##..............
#....#(.(..###'#####'
#######....#.....#.......#
#....##....#(....#.......#
#.........@c.....#.......#
#..........#.....#......##
#....####'##.....#....>.# .
#....#..(........#......# .
#....#......######......# .
#....#......#.....(.....+ .
#....#......#.%.........#
#######......# #.l<...#
#............# #......#


You could see a centaur.

Vanquished Creatures
  Grinder (D:4)
  Eustachio (D:5)
  2 ogres (D:5)
  2 bullfrog skeletons (D:4)
  A jelly (D:5)
  2 orc wizards (D:4)
  Jessica (D:3)
  An iguana (D:5)
  Natasha (D:3)
  3 gnolls (D:4)
  3 adders
  An adder skeleton (D:4)
  A dart slug (D:4)
  13 orcs
  3 ball pythons
  A bat (D:3)
  2 giant cockroaches
  2 goblins
  3 hobgoblins
  4 kobolds
  A quokka (D:5)
  2 rats (D:2)
51 creatures vanquished.

Vanquished Creatures (collateral kills)
  A bullfrog (D:5)
  An orc wizard (D:3)
  A howler monkey skeleton (D:5)
  An adder skeleton (D:5)
  A worm (D:2)
  3 orcs
8 creatures vanquished.

Vanquished Creatures (others)
  An orc wizard (D:3)
1 creature vanquished.

Grand Total: 60 creatures vanquished

Notes
Turn   | Place    | Note
-------+----------+-------------------------------------------
     0 | D:1      | Nekros the Deep Elf Wizard began the quest for the Orb.
     0 | D:1      | Reached XP level 1. HP: 10/10 MP: 7/7
   841 | D:2      | Found a white marble altar of Elyvilon.
   846 | D:2      | Reached skill level 5 in Spellcasting
   900 | D:2      | Reached XP level 2. HP: 14/15 MP: 3/10
   906 | D:2      | Learned a level 2 spell: Blink
   909 | D:2      | Learned a level 2 spell: Call Imp
  1300 | D:2      | Reached XP level 3. HP: 19/19 MP: 3/12
  1641 | D:3      | Found a sparkling altar of Nemelex Xobeh.
  1865 | D:3      | Reached skill level 6 in Spellcasting
  1900 | D:3      | Reached XP level 4. HP: 9/24 MP: 0/14
  2235 | D:3      | Learned a level 3 spell: Mephitic Cloud
  2239 | D:3      | Learned a level 3 spell: Conjure Flame
  2446 | D:3      | Noticed Natasha
  2454 | D:3      | Killed Natasha
  2455 | D:3      | Found a radiant altar of Vehumet.
  2738 | D:3      | Noticed Jessica
  2754 | D:3      | Killed Jessica
  2884 | D:3      | Found a faded altar of an unknown god.
  3128 | D:4      | Reached skill level 7 in Spellcasting
  3128 | D:4      | Reached XP level 5. HP: 22/28 MP: 2/16
  4320 | D:4      | Reached XP level 6. HP: 7/32 MP: 2/18
  4589 | D:4      | Noticed Grinder
  4657 | D:4      | Killed Grinder
  4657 | D:4      | Reached skill level 8 in Spellcasting
  4834 | D:5      | Entered Level 5 of the Dungeon
  4904 | D:5      | Reached skill level 1 in Poison Magic
  5137 | D:5      | Noticed Eustachio
  5162 | D:5      | Killed Eustachio
  5162 | D:5      | Reached skill level 1 in Air Magic
  5162 | D:5      | Reached XP level 7. HP: 21/36 MP: 1/21
  5315 | D:5      | Reached skill level 9 in Spellcasting
  5534 | D:5      | Gained mutation: You are dopey. (Int -2) [potion of
                  | mutation]
  5534 | D:5      | Gained mutation: You have supernaturally acute eyesight.
                  | (SInv) [potion of mutation]
  5534 | D:5      | Gained mutation: Your muscles are strong. (Str +2) [potion
                  | of mutation]
  5534 | D:5      | Slain by a centaur

Skill      XL: |  1  2  3  4  5  6  7 |
---------------+----------------------+-----
Spellcasting   | 5 6 7 8 9 |  9.5
Conjurations   | 2 3 4 |  4.3
Summonings     | 2 3 |  3.4
Poison Magic   | 1 |  1.6
Air Magic      | 1 |  1.6
Dodging        | |  2.4
Stealth        | |  2.4
Translocations | |  1.1
Fire Magic     | |  0.1

Action                   |  1- 3 |  4- 6 |  7- 9 || total
-------------------------+-------+-------+-------++-------
Melee: Dagger            |       |    56 |    18 ||    74
 Cast: Magic Dart        |    57 |    49 |    18 ||   124
       Call Imp          |     7 |    18 |       ||    25
       Mephitic Cloud    |       |    16 |     5 ||    21
       Conjure Flame     |       |     2 |       ||     2
  Use: Scroll            |     7 |       |       ||     7
       Potion            |       |       |     2 ||     2
 Stab: Confused          |       |     1 |     2 ||     3
  Eat: Chunk             |     2 |       |       ||     2
       Ration            |     1 |     3 |       ||     4
Armor: Robe              |       |     5 |     1 ||     6
Dodge: Dodged            |     9 |    48 |    15 ||    72
